| TOP OF THE 1ST |
|
Burlington Bees batting - Pitching for Cedar Rapids Kernels : RHP Alex Grado
|
|
Pitching: RHP Alex Grado
|
|
|
Batting: LHB Pavla Markianov
|
0-0: Called Strike 0-1: Ball 1-1: Ball 2-1: Called Strike 2-2: Ball 3-2: Foul Ball, location: 2F 3-2: Foul Ball, location: 2F 3-2: Fly out, F7 (Flyball, 7LM, EV 82.5 MPH)
|
|
Batting: RHB Dean LeCroy
|
0-0: Ball 1-0: Foul Ball, location: 2F 1-1: Ball 2-1: Foul Ball, location: 2F 2-2: Ball 3-2: Strikes out swinging
|
|
Batting: LHB Ramon Garduno
|
0-0: Ball 1-0: Ball 2-0: Ball 3-0: Called Strike 3-1: Foul Ball, location: 2F 3-2: Base on Balls
|
|
Batting: SHB Danny Gelinas
|
0-0: Ball 1-0: Foul Ball, location: 2F 1-1: Fly out, F7 (Flyball, 7, EV 93.1 MPH)
|
| Top of the 1st over - 0 runs, 0 hits, 0 errors, 1 left on base; Burlington 0 - Cedar Rapids 0 |
| BOTTOM OF THE 1ST |
|
Cedar Rapids Kernels batting - Pitching for Burlington Bees : LHP Randy Boutilier
|
|
Pitching: LHP Randy Boutilier
|
|
|
Batting: RHB Nick Phipps
|
0-0: Ball 1-0: Reached on error, E7 (Flyball, 7, EV 90.6 MPH)
|
|
Batting: RHB Tim Carter
|
0-0: Called Strike Nick Phipps steals 2nd base 0-1: Ball 1-1: Called Strike 1-2: Ball 2-2: Ball 3-2: Base on Balls
|
|
Batting: LHB Tomas Espino
|
0-0: Called Strike 0-1: Swinging Strike 0-2: Ball 1-2: Strikes out swinging
|
|
Batting: RHB Mike Buchanan
|
0-0: Called Strike 0-1: Ball 1-1: Foul Ball, location: 2F 1-2: Ball 2-2: Ball 3-2: Foul Ball, location: 2F 3-2: Base on Balls Nick Phipps to third Tim Carter to second
|
|
Batting: RHB Ruben Serrata
|
0-0: Ball 1-0: Swinging Strike 1-1: Called Strike 1-2: Ball 2-2: Ball 3-2: Base on Balls Nick Phipps scores Tim Carter to third Mike Buchanan to second
|
|
Batting: RHB Kevin Harris
|
0-0: Ball 1-0: Foul Ball, location: 2F 1-1: Fly out, F8 (Flyball, 78D, EV 92.5 MPH) Runner from 3rd tags up, SCORES, throw by CF Mike Buchanan to third
|
|
Batting: RHB Jose Gracia
|
0-0: Called Strike 0-1: Ball 1-1: Ball Ruben Serrata is caught stealing 2nd base 2-4
|
| Bottom of the 1st over - 2 runs, 0 hits, 1 error, 1 left on base; Burlington 0 - Cedar Rapids 2 |
| TOP OF THE 2ND |
|
Burlington Bees batting - Pitching for Cedar Rapids Kernels : RHP Alex Grado
|
|
Batting: RHB Juan Rosa
|
0-0: Ball 1-0: Swinging Strike 1-1: Foul Ball, location: 2F 1-2: Strikes out swinging
|
|
Batting: RHB Peter Westover
|
0-0: Called Strike 0-1: Ball 1-1: SINGLE (Line Drive, 6D, EV 98.8 MPH)
|
|
Batting: RHB Khalil Thurston
|
0-0: Called Strike 0-1: Fielders Choice at 2nd, 4-6 (Groundball, 4, EV 81.9 MPH)
|
|
Batting: RHB Dan Burkhart
|
0-0: Ball Khalil Thurston steals 2nd base 1-0: Ball 2-0: Called Strike 2-1: SINGLE (Groundball, 56D, EV 100.0 MPH) Khalil Thurston to third Runner from 3rd tries for Home, SAFE, throw by LF to home Dan Burkhart to second
|
|
Batting: RHB Davey Verhoog
|
0-0: Swinging Strike 0-1: Called Strike 0-2: Ball 1-2: Fly out, F8 (Flyball, 8RD, EV 106.9 MPH)
|
| Top of the 2nd over - 1 run, 2 hits, 0 errors, 1 left on base; Burlington 1 - Cedar Rapids 2 |
| BOTTOM OF THE 2ND |
|
Cedar Rapids Kernels batting - Pitching for Burlington Bees : LHP Randy Boutilier
|
|
Batting: RHB Jose Gracia
|
0-0: Swinging Strike 0-1: Ball 1-1: Ball 2-1: Swinging Strike 2-2: Ball 3-2: SINGLE (Groundball, 6MD, EV 106.2 MPH)
|
|
Batting: RHB Jeremy Witt
|
0-0: Called Strike 0-1: Ball 1-1: Ball 2-1: Called Strike 2-2: Fly out, F8 (Flyball, 8RM, EV 90.6 MPH)
|
|
Batting: SHB Chris Hull
|
0-0: Called Strike 0-1: Called Strike 0-2: Ball 1-2: Grounds into double play, 4-6-3 (Groundball, 34, EV 86.9 MPH)
|
| Bottom of the 2nd over - 0 runs, 1 hit, 0 errors, 0 left on base; Burlington 1 - Cedar Rapids 2 |
| TOP OF THE 3RD |
|
Burlington Bees batting - Pitching for Cedar Rapids Kernels : RHP Alex Grado
|
|
Batting: LHB Pavla Markianov
|
0-0: Called Strike 0-1: Ball 1-1: Foul Ball, location: 2F 1-2: Ball 2-2: Strikes out swinging
|
|
Batting: RHB Dean LeCroy
|
0-0: DOUBLE (Line Drive, 7LS, EV 101.9 MPH)
|
|
Batting: LHB Ramon Garduno
|
0-0: Ball 1-0: Foul Ball, location: 2F 1-1: SINGLE (Groundball, 34D, EV 96.2 MPH) Dean LeCroy to third
|
|
Batting: SHB Danny Gelinas
|
0-0: Called Strike 0-1: Foul Ball, location: 2F 0-2: Foul Ball, location: 2F 0-2: Fielders Choice at 2nd, 3-6 (Groundball, 3, EV 89.4 MPH) Dean LeCroy scores
|
|
Batting: RHB Juan Rosa
|
0-0: Foul Ball, location: 2F 0-1: SINGLE (Line Drive, 8LS, EV 111.9 MPH) Danny Gelinas to second
|
|
Batting: RHB Peter Westover
|
0-0: Ground out 4-3 (Groundball, 4M, EV 105.6 MPH)
|
| Top of the 3rd over - 1 run, 3 hits, 0 errors, 2 left on base; Burlington 2 - Cedar Rapids 2 |
| BOTTOM OF THE 3RD |
|
Cedar Rapids Kernels batting - Pitching for Burlington Bees : LHP Randy Boutilier
|
|
Batting: RHB Nick Phipps
|
0-0: Swinging Strike 0-1: Swinging Strike 0-2: Foul Ball, location: 2F 0-2: Foul Ball, location: 2F 0-2: Ball 1-2: Strikes out looking
|
|
Batting: RHB Tim Carter
|
0-0: Ball 1-0: Ball 2-0: Ball 3-0: Base on Balls
|
|
Batting: LHB Tomas Espino
|
0-0: Swinging Strike 0-1: DOUBLE (Line Drive, 9LM, EV 100.0 MPH) Tim Carter to third
|
|
Batting: RHB Mike Buchanan
|
0-0: Ball 1-0: Ball 2-0: Called Strike 2-1: Ground out 5-3 (Groundball, 5, EV 80.0 MPH)
|
|
Batting: RHB Ruben Serrata
|
0-0: Called Strike 0-1: Ground out 5-3 (Groundball, 5, EV 103.8 MPH)
|
| Bottom of the 3rd over - 0 runs, 1 hit, 0 errors, 2 left on base; Burlington 2 - Cedar Rapids 2 |
| TOP OF THE 4TH |
|
Burlington Bees batting - Pitching for Cedar Rapids Kernels : RHP Alex Grado
|
|
Batting: RHB Khalil Thurston
|
0-0: Ball 1-0: Ball 2-0: Called Strike 2-1: SINGLE (Flyball, 9S, EV 96.2 MPH)
|
|
Batting: RHB Dan Burkhart
|
Pickoff Play to 1st, Runner tries for 2nd, OUT after rundown. 0-0: Called Strike 0-1: Ball 1-1: Foul Ball, location: 2F 1-2: Foul Ball, location: 2F 1-2: SINGLE (Groundball, 6MD, EV 81.9 MPH) (infield hit)
|
|
Batting: RHB Davey Verhoog
|
0-0: Fielders Choice at 2nd, 6-4 (Groundball, 6M, EV 101.2 MPH)
|
|
Batting: LHB Pavla Markianov
|
0-0: Called Strike Davey Verhoog steals 2nd base 0-1: Ball 1-1: Foul Ball, location: 2F 1-2: Ground out 4-3 (Groundball, 4S, EV 70.6 MPH)
|
| Top of the 4th over - 0 runs, 2 hits, 0 errors, 1 left on base; Burlington 2 - Cedar Rapids 2 |
| BOTTOM OF THE 4TH |
|
Cedar Rapids Kernels batting - Pitching for Burlington Bees : LHP Randy Boutilier
|
|
Batting: RHB Kevin Harris
|
0-0: Called Strike 0-1: Ball 1-1: Ball 2-1: Ball 3-1: Called Strike 3-2: Ground out 6-3 (Groundball, 6S, EV 78.8 MPH)
|
|
Batting: RHB Jose Gracia
|
0-0: Foul Ball, location: 2F 0-1: Fly out, F8 (Flyball, 8RD, EV 91.9 MPH)
|
|
Batting: RHB Jeremy Witt
|
0-0: DOUBLE (Flyball, 8RXD, EV 103.1 MPH)
|
|
Batting: SHB Chris Hull
|
0-0: Swinging Strike 0-1: Ball 1-1: Ball 2-1: Foul Ball, location: 2F 2-2: Ball 3-2: SINGLE (Flyball, 5D, EV 90.0 MPH) Jeremy Witt to third Runner from 3rd tries for Home, SAFE, throw by LF to home
|
|
Pitching: RHP Devin Spears
|
|
|
Batting: RHB Nick Phipps
|
0-0: Ball 1-0: Ball 2-0: Foul Ball, location: 2F 2-1: Foul Ball, location: 2F 2-2: Ball 3-2: Foul Ball, location: 2F 3-2: Strikes out swinging
|
| Bottom of the 4th over - 1 run, 2 hits, 0 errors, 1 left on base; Burlington 2 - Cedar Rapids 3 |
| TOP OF THE 5TH |
|
Burlington Bees batting - Pitching for Cedar Rapids Kernels : RHP Alex Grado
|
|
Batting: RHB Dean LeCroy
|
0-0: Ball 1-0: DOUBLE (Groundball, 5L, EV 95.6 MPH)
|
|
Batting: LHB Ramon Garduno
|
0-0: Called Strike 0-1: Ball 1-1: Ball 2-1: Called Strike 2-2: Foul Ball, location: 2F 2-2: SINGLE (Groundball, 4MD, EV 94.4 MPH) Dean LeCroy to third
|
|
Batting: SHB Danny Gelinas
|
0-0: Foul Ball, location: 2F 0-1: Swinging Strike 0-2: Strikes out looking
|
|
Batting: RHB Juan Rosa
|
0-0: Called Strike 0-1: Swinging Strike 0-2: Ball 1-2: Ball 2-2: Ball 3-2: SINGLE (Groundball, 34D, EV 98.8 MPH) Dean LeCroy scores Ramon Garduno to second Runner from 2nd tries for 3rd, SAFE, throw by RF made to third
|
|
Pitching: RHP Scot Abbott
|
|
|
Batting: RHB Peter Westover
|
0-0: Ball 1-0: Fly out, F3 (Popup, 3SF, EV 82.5 MPH)
|
|
Batting: RHB Khalil Thurston
|
0-0: Ball 1-0: Foul Ball, location: 2F 1-1: Ground out 4-3 (Groundball, 4, EV 81.2 MPH)
|
| Top of the 5th over - 1 run, 3 hits, 0 errors, 2 left on base; Burlington 3 - Cedar Rapids 3 |
| BOTTOM OF THE 5TH |
|
Cedar Rapids Kernels batting - Pitching for Burlington Bees : RHP Devin Spears
|
|
Batting: RHB Tim Carter
|
0-0: Ball 1-0: Ball 2-0: Called Strike 2-1: Ground out 1-3 (Groundball, 13S, EV 76.2 MPH)
|
|
Batting: LHB Tomas Espino
|
0-0: Foul Ball, location: 2F 0-1: Ball 1-1: Swinging Strike 1-2: Foul Ball, location: 2F 1-2: Fly out, F7 (Flyball, 7, EV 87.5 MPH)
|
|
Batting: RHB Mike Buchanan
|
0-0: SINGLE (Groundball, 56D, EV 98.1 MPH)
|
|
Batting: RHB Ruben Serrata
|
0-0: Called Strike Mike Buchanan is caught stealing 2nd base 2-4
|
| Bottom of the 5th over - 0 runs, 1 hit, 0 errors, 0 left on base; Burlington 3 - Cedar Rapids 3 |
| TOP OF THE 6TH |
|
Burlington Bees batting - Pitching for Cedar Rapids Kernels : RHP Scot Abbott
|
|
Batting: RHB Dan Burkhart
|
0-0: Ball 1-0: Ball 2-0: Ball 3-0: Called Strike 3-1: Base on Balls
|
|
Batting: RHB Davey Verhoog
|
0-0: Ball Dan Burkhart is caught stealing 2nd base 2-4 1-0: Ball 2-0: Ball 3-0: Called Strike 3-1: SINGLE (Groundball, 4S, EV 66.9 MPH) (infield hit)
|
|
Batting: LHB Pavla Markianov
|
0-0: Ball Davey Verhoog steals 2nd base 1-0: Ball Davey Verhoog is caught stealing 3rd base 2-5 2-0: Fly out, F9 (Flyball, 89M, EV 88.8 MPH)
|
| Top of the 6th over - 0 runs, 1 hit, 0 errors, 0 left on base; Burlington 3 - Cedar Rapids 3 |
| BOTTOM OF THE 6TH |
|
Cedar Rapids Kernels batting - Pitching for Burlington Bees : RHP Devin Spears
|
|
Batting: RHB Ruben Serrata
|
0-0: Called Strike 0-1: Ball 1-1: Ground out U3 (Groundball, 34, EV 96.2 MPH)
|
|
Batting: RHB Kevin Harris
|
0-0: Called Strike 0-1: Ball 1-1: Foul Ball, location: 2F 1-2: Ball 2-2: Ball 3-2: Foul Ball, location: 2F 3-2: Ground out 5-3 (Groundball, 5, EV 81.9 MPH)
|
|
Batting: RHB Jose Gracia
|
0-0: Ball 1-0: Swinging Strike 1-1: Ball 2-1: Swinging Strike 2-2: Foul Ball, location: 2F 2-2: Strikes out swinging
|
| Bottom of the 6th over - 0 runs, 0 hits, 0 errors, 0 left on base; Burlington 3 - Cedar Rapids 3 |
| TOP OF THE 7TH |
|
Burlington Bees batting - Pitching for Cedar Rapids Kernels : RHP Scot Abbott
|
|
Batting: RHB Dean LeCroy
|
0-0: Ball 1-0: Swinging Strike 1-1: Swinging Strike 1-2: Strikes out swinging
|
|
Batting: LHB Ramon Garduno
|
0-0: Ball 1-0: Swinging Strike 1-1: Ball 2-1: Foul Ball, location: 2F 2-2: Ball 3-2: Foul Ball, location: 2F 3-2: Ground out 4-3 (Groundball, 4, EV 104.4 MPH)
|
|
Batting: SHB Danny Gelinas
|
0-0: SOLO HOME RUN (Flyball, 9LD, EV 96.9 MPH), Distance : 394 ft
|
|
Batting: RHB Juan Rosa
|
0-0: Foul Ball, location: 2F 0-1: Foul Ball, location: 2F 0-2: Strikes out looking
|
| Top of the 7th over - 1 run, 1 hit, 0 errors, 0 left on base; Burlington 4 - Cedar Rapids 3 |
| BOTTOM OF THE 7TH |
|
Cedar Rapids Kernels batting - Pitching for Burlington Bees : RHP Devin Spears
|
|
Pitching: RHP Manuel Vega
|
|
|
Batting: RHB Jeremy Witt
|
0-0: Ball 1-0: Called Strike 1-1: Foul Ball, location: 2F 1-2: Ground out 6-3 (Groundball, P, EV 85.0 MPH)
|
|
Batting: SHB Chris Hull
|
0-0: Ball 1-0: Called Strike 1-1: Swinging Strike 1-2: Foul Ball, location: 2F 1-2: Foul Ball, location: 2F 1-2: Ball 2-2: Strikes out swinging
|
|
Batting: RHB Nick Phipps
|
0-0: Ball 1-0: Fly out, F4 (Popup, 4S, EV 64.4 MPH)
|
| Bottom of the 7th over - 0 runs, 0 hits, 0 errors, 0 left on base; Burlington 4 - Cedar Rapids 3 |
| TOP OF THE 8TH |
|
Burlington Bees batting - Pitching for Cedar Rapids Kernels : RHP Scot Abbott
|
|
Pitching: RHP Andrew Rich
|
|
|
Batting: RHB Peter Westover
|
0-0: Ball 1-0: Ball 2-0: Ball 3-0: Called Strike 3-1: Swinging Strike 3-2: Strikes out swinging
|
|
Batting: RHB Khalil Thurston
|
0-0: Ball 1-0: Ball 2-0: Called Strike 2-1: Foul Ball, location: 2F 2-2: Ball 3-2: Reached on error, E5 (Groundball, 56, EV 97.5 MPH)
|
|
Batting: RHB Dan Burkhart
|
0-0: Swinging Strike 0-1: Ball 1-1: Swinging Strike 1-2: Ball Khalil Thurston steals 2nd base 2-2: Strikes out swinging
|
|
Batting: RHB Davey Verhoog
|
0-0: Fly out, F8 (Flyball, 8RXD, EV 100.0 MPH)
|
| Top of the 8th over - 0 runs, 0 hits, 1 error, 1 left on base; Burlington 4 - Cedar Rapids 3 |
| BOTTOM OF THE 8TH |
|
Cedar Rapids Kernels batting - Pitching for Burlington Bees : RHP Manuel Vega
|
|
Batting: RHB Tim Carter
|
0-0: Foul Ball, location: 2F 0-1: Foul Ball, location: 2F 0-2: Reached on error, E6 (Groundball, 6, EV 100.0 MPH)
|
|
Batting: LHB Tomas Espino
|
0-0: Ball 1-0: Ball 2-0: Ball 3-0: Called Strike 3-1: Ground out 1-3 (Groundball, 13S, EV 66.2 MPH) Tim Carter to third
|
|
Batting: RHB Mike Buchanan
|
0-0: Foul Ball, location: 2F 0-1: Ball 1-1: Foul Ball, location: 2F 1-2: Ball 2-2: Ball 3-2: SINGLE (Groundball, 4M, EV 95.6 MPH) Tim Carter scores
|
|
Batting: RHB Ruben Serrata
|
0-0: Ball 1-0: Called Strike Mike Buchanan is caught stealing 2nd base 2-4 1-1: Ball 2-1: Ball 3-1: Called Strike 3-2: Strikes out swinging, 2-3 out at first.
|
| Bottom of the 8th over - 1 run, 1 hit, 1 error, 0 left on base; Burlington 4 - Cedar Rapids 4 |
| TOP OF THE 9TH |
|
Burlington Bees batting - Pitching for Cedar Rapids Kernels : RHP Andrew Rich
|
|
Batting: LHB Pavla Markianov
|
0-0: Ball 1-0: SOLO HOME RUN (Flyball, 9LD, EV 106.2 MPH), Distance : 408 ft
|
|
Batting: RHB Dean LeCroy
|
0-0: Called Strike 0-1: Foul Ball, location: 2F 0-2: Ball 1-2: Fly out, F8 (Flyball, 89M, EV 89.4 MPH)
|
|
Batting: LHB Ramon Garduno
|
0-0: Called Strike 0-1: Foul Ball, location: 2F 0-2: Foul Ball, location: 2F 0-2: Strikes out looking
|
|
Batting: SHB Danny Gelinas
|
0-0: SINGLE (Groundball, 4D, EV 105.6 MPH)
|
|
Batting: RHB Juan Rosa
|
0-0: Called Strike 0-1: Ball 1-1: Foul Ball, location: 2F 1-2: Ball 2-2: SINGLE (Line Drive, 78S, EV 104.4 MPH) Danny Gelinas to second
|
|
Pinch Runner at 2nd Joe Hewitt:
|
|
|
Batting: RHB Peter Westover
|
0-0: Foul Ball, location: 2F 0-1: Called Strike 0-2: Strikes out swinging
|
| Top of the 9th over - 1 run, 3 hits, 0 errors, 2 left on base; Burlington 5 - Cedar Rapids 4 |
| BOTTOM OF THE 9TH |
|
Cedar Rapids Kernels batting - Pitching for Burlington Bees : RHP Manuel Vega
|
|
Pitching: RHP Tim Mumpower
|
|
|
Now at 1B: David Rhodes
|
|
|
Batting: RHB Kevin Harris
|
0-0: Called Strike 0-1: Ball 1-1: SINGLE (Groundball, 34D, EV 93.8 MPH)
|
|
Batting: RHB Jose Gracia
|
0-0: Ball 1-0: Foul Ball, location: 2F 1-1: Fly out, F7 (Flyball, 78XD, EV 101.2 MPH)
|
|
Batting: RHB Jeremy Witt
|
0-0: Ball 1-0: Called Strike 1-1: Foul Ball, location: 2F 1-2: SINGLE (Groundball, 56D, EV 101.2 MPH) Kevin Harris to second
|
|
Batting: SHB Chris Hull
|
0-0: Ball 1-0: Called Strike 1-1: Foul Ball, location: 2F 1-2: Strikes out swinging
|
|
Batting: RHB Nick Phipps
|
0-0: Called Strike 0-1: Foul Ball, location: 2F 0-2: Strikes out looking
|
| Bottom of the 9th over - 0 runs, 2 hits, 0 errors, 2 left on base; Burlington 5 - Cedar Rapids 4 |
|